 Dungeon Crawl Stone Soup version 0.18.1-50-g88ac8fd (webtiles) character file.

160 recordrepeat the Covered (level 5, -2/46 HPs)
             Began as a Hill Orc Fighter on Oct 29, 2016.
             Killed from afar by an orc wizard (3 damage)
             ... with a puff of frost
             ... on level 2 of the Dungeon.
             The game lasted 00:08:31 (1902 turns).

recordrepeat the Covered (Hill Orc Fighter)         Turns: 1902, Time: 00:08:32

Health: -2/46      AC: 10    Str: 24    XL:     5   Next: 41%
Magic:  5/5        EV:  6    Int:  8    God:
Gold:   119        SH: 10    Dex: 11    Spells: 0 memorised, 4 levels left

rFire  . . .     SeeInvis .     a - +0 war axe
rCold  . . .     Gourm    .     g - +0 chain mail
rNeg   . . .     Faith    .     c - +0 shield
rPois  .         Spirit   .     (no helmet)
rElec  .         Dismiss  .     j - +0 cloak
rCorr  .         Reflect  .     (no gloves)
SustAt .         Harm     .     (no boots)
MR     .....                    (no amulet)
Stlth  ..........               r - ring of ice
                                n - ring of fire

@: mighty, very slightly contaminated, not resistant to hostile enchantments,
extremely unstealthy
A: no striking features
a: no special abilities


You were on level 2 of the Dungeon.
You were hungry.

You visited 1 branch of the dungeon, and saw 3 of its levels.

You collected 119 gold pieces.

Inventory:

Hand Weapons
 a - a +0 war axe (weapon)
Armour
 c - a +0 shield (worn)
 g - a +0 chain mail (worn)
 j - a +0 cloak (worn)
Jewellery
 n - a ring of fire (left hand)
 r - a ring of ice (right hand)
Scrolls
 e - 2 scrolls of blinking
 i - a scroll of fog {unknown}
 k - a scroll of recharging {unknown}
 m - 2 scrolls of enchant armour {unknown}
 o - a scroll of remove curse {unknown}
 p - a scroll of magic mapping {unknown}
 q - a scroll of identify {unknown}
Potions
 l - a potion of agility {unknown}
Comestibles
 b - 4 chunks of flesh
 f - 3 bread rations


   Skills:
 + Level 4.2 Fighting
 + Level 3.7 Axes
 + Level 4.5 Armour
 + Level 1.0 Dodging
 + Level 0.1 Stealth
 + Level 4.3 Shields


You had 4 spell levels left.
You didn't know any spells.

Dungeon Overview and Level Annotations

Branches:
Dungeon (3/15)

Altars:


Message History

Your shield and chain mail prevent you from hitting something.
Something hits you but does no damage.
You miss something.
An orc wizard appears from thin air!
Reactivating autopickup.
The orc wizard hits you but does no damage.
The orc wizard barely misses you.
You closely miss the orc wizard. You block the orc wizard's attack.
Your chain mail prevents you from hitting the orc wizard.
The orc wizard casts a spell at you. The puff of frost hits you!
* * * LOW HITPOINT WARNING * * *
You slash the orc wizard!
The orc wizard is severely wounded.
The orc wizard hits you but does no damage.
You block the orc wizard's attack.
You closely miss the orc wizard.
The orc wizard is heavily wounded.
The orc wizard casts a spell at you. The puff of frost hits you!
You die...

####### #...##### #.# ......#
##...#.).#### #.# ......#
#....(.....)###.#### ##
......####.#....#......#....####.
...............####..#.###.#.....
......####.#....#....#.# ##.####.
......# #.##.>.#....#.# ### ##
......# #.............# ##.##.#
#......@o>..#.# ##.##.#
#.##..........# ##.##.#
#.#......##.#.# ##.##.#
#.#.##.#......# ##....#
#......####.### ......# #......#
#.# ####.## #.....## #.# #.#
#.....# #.# #.# #.....# #.#


You could see an orc wizard.

Vanquished Creatures
  Jessica (D:3)
  Robin (D:3)
  3 adders
  An ooze (D:2)
  2 worms (D:2)
  9 dart slugs
  4 giant geckos
  2 orcs (D:3)
  2 ball pythons
  5 bats (D:1)
  2 giant cockroaches (D:2)
  11 goblins
  3 hobgoblins
  3 jackals (D:2)
  A quokka (D:3)
  6 giant newts
  3 kobolds
  8 rats
67 creatures vanquished.

Notes
Turn   | Place    | Note
--------------------------------------------------------------
     0 | D:1      | recordrepeat the Hill Orc Fighter began the quest for the Orb.
     0 | D:1      | Reached XP level 1. HP: 19/19 MP: 1/1
   181 | D:1      | Reached XP level 2. HP: 23/27 MP: 2/2
   720 | D:2      | Reached XP level 3. HP: 33/33 MP: 3/3
  1219 | D:2      | Reached XP level 4. HP: 40/40 MP: 4/4
  1830 | D:3      | Noticed Jessica
  1834 | D:3      | Noticed Robin
  1856 | D:3      | Reached XP level 5. HP: 28/46 MP: 5/5
  1865 | D:3      | Killed Robin
  1865 | D:3      | Reached skill level 1 in Dodging
  1866 | D:3      | HP: 2/46 [orc/trident (1)]
  1876 | D:3      | Killed Jessica
  1887 | D:3      | HP: 2/46 [something (3)]
  1900 | D:2      | HP: 1/46 [orc wizard/puff of frost (8)]
  1902 | D:2      | Killed from afar by an orc wizard

Skill      XL: |  1  2  3  4  5 |
---------------+----------------+-----
Axes           | 3 |  3.7
Fighting       | 4 |  4.2
Armour         | 4 |  4.5
Shields        | 4 |  4.3
Dodging        | 1 |  1.0
Stealth        | |  0.1

Action                   |  1- 3 |  4- 6 || total
-------------------------+-------+-------++-------
Melee: War axe           |   125 |   109 ||   234
  Use: Potion            |       |     4 ||     4
       Scroll            |       |     1 ||     1
  Eat: Chunk             |     1 |     2 ||     3
Armor: Chain mail        |    78 |   105 ||   183
Dodge: Dodged            |    31 |    27 ||    58
Block: Shield            |    78 |    76 ||   154
